Map: Kairos Junction LE

Players

HateMe - Winner!

  • Race: Zerg Zerg
  • Spawn Location: 11:00

Bly

  • Race: Zerg Zerg
  • Spawn Location: 5:00

Event: 2019 WCS Spring

VOD

Have the link to the VOD?

Description

Time

  • Played on: May 17, 2019, 9:36 a.m.
  • Length: 15:26

All games in this series

Show
View Real Time Build Order
Export as new Build Order

HateMe Zerg - Winner!

Build Orders: Pool First 

Get SALT Encoding   

  12  0:16  Spawning Pool  
  11  0:22  Drone  
  11  0:26  Drone  
  13  0:31  Drone  
  14  0:40  Overlord  
  14  1:03  Zergling x4  
  16  1:05  Zergling x2  
  17  1:15  Zergling x2  
  18  1:20  Hatchery  
  17  1:26  Zergling x2  
  18  1:32  Queen  
  18  1:37  Zergling x2  
  21  1:47  Overlord  
  21  1:58  Drone  
  22  2:09  Drone  
  22  2:11  Queen  
  25  2:26  Drone  
  26  2:31  Queen  
  26  2:36  Drone  
  30  2:37  Drone  
  30  2:44  Overlord  
  30  2:46  Drone x3  
  30  2:50  Drone  
  34  2:54  Drone  
  34  2:57  Drone  
  36  3:06  Overlord  
  36  3:09  Drone  
  37  3:16  Queen  
  37  3:18  Extractor, Drone x2  
  37  3:19  Extractor  
  39  3:20  Drone  
  39  3:22  Drone  
  41  3:29  Drone x3  
  41  3:31  Drone  
  45  3:36  Drone  
  45  3:43  Drone x2  
  47  3:51  Roach Warren, Drone  
  47  3:52  Evolution Chamber  
  46  3:58  Drone x3  
  49  4:11  Lair  
  49  4:17  Overlord  
  49  4:20  Drone  
  49  4:21  Drone x2  
  52  4:27  Overlord, Zerg Missile Weapons Level 1  
  52  4:35  Drone  
  52  4:36  Extractor x2  
  51  4:39  Drone  
  51  4:40  Drone x2  
  51  4:42  Hatchery  
  51  4:45  Drone x2  
  55  4:47  Drone  
  55  4:48  Drone  
  55  4:51  Overlord  
  57  5:07  Overlord x2  
  57  5:11  Glial Reconstitution  
  57  5:15  Roach x5  
  67  5:24  Overlord  
  67  5:25  Roach x3  
  75  5:28  Roach  
  75  5:37  Drone  
  75  5:38  Spire, Overlord  
  73  5:44  Roach x2  
  73  5:46  Roach  
  79  5:52  Roach x2  
  83  5:58  Roach  
  83  5:59  Roach x2  
  83  6:03  Overlord  
  89  6:07  Roach x2  
  93  6:11  Roach  
  93  6:12  Roach  
  97  6:21  Roach x4  
  104  6:49  Roach  
  104  6:50  Roach x8  
  112  6:54  Mutalisk x2  
  112  7:00  Roach x3  
  120  7:06  Overlord  
  120  7:10  Mutalisk  
  120  7:15  Overlord x2  
  122  7:24  Zerg Missile Weapons Level 2  
  122  7:28  Roach x2  
  126  7:34  Roach x3  
  132  7:39  Roach x2  
  116  7:45  Roach x3  
  102  8:03  Drone x5  
  102  8:04  Drone x8  
  115  8:07  Queen  
  117  8:15  Mutalisk  
  117  8:16  Mutalisk x2  
  123  8:24  Mutalisk  
  123  8:25  Overlord  
  123  8:30  Extractor, Roach  
  123  8:31  Roach x2  
  128  8:36  Roach x3  
  128  8:40  Roach x2  
  122  8:50  Overlord x2  
  122  8:54  Roach x4  
  130  8:59  Roach  
  130  9:00  Roach x2  
  136  9:08  Roach x5  
  146  9:12  Overlord  
  146  9:17  Roach x3  
  152  9:21  Roach x2  
  156  9:27  Roach x3  
  162  9:37  Roach  
  162  9:38  Roach x4  
  170  9:45  Overlord x2  
  170  9:50  Roach  
  170  9:51  Roach x3  
  176  10:10  Roach x10  
  186  10:14  Spore Crawler  
  186  10:17  Spore Crawler  
  186  10:21  Corruptor  
  150  10:30  Corruptor x3  
  130  10:40  Corruptor x2  
  132  10:48  Corruptor  
  130  10:50  Roach x2  
  128  10:59  Roach x5  
  134  11:10  Roach x4  
  126  11:17  Roach x5  
  136  11:27  Roach x3  
  136  11:28  Roach x3  
  148  11:38  Roach x3  
  146  11:49  Corruptor x2  
  146  11:50  Drone  
  149  12:06  Extractor, Spore Crawler, Corruptor x2  
  151  12:09  Overseer  
  151  12:18  Hatchery  
  150  12:23  Overlord  
  150  12:26  Corruptor x2  
  150  12:29  Zerg Flyer Weapons Level 1  
  154  12:33  Spore Crawler  
  154  12:35  Corruptor  
  155  12:42  Corruptor  
  157  12:48  Corruptor  
  157  12:51  Overlord  
  159  12:52  Zergling x10  
  160  13:09  Roach x7  
  160  13:20  Corruptor x2  
  123  13:43  Roach x5  
  123  13:44  Roach x2  
  118  13:55  Corruptor  
  79  14:43  Corruptor  
Show
View Real Time Build Order
Export as new Build Order

Bly Zerg 

Build Orders: Pool First 

Get SALT Encoding   

  12  0:17  Spawning Pool  
  11  0:22  Drone  
  11  0:27  Drone  
  13  0:31  Drone  
  14  0:40  Overlord  
  14  1:04  Zergling x4  
  16  1:05  Zergling x2  
  17  1:15  Zergling x2  
  18  1:20  Hatchery  
  17  1:26  Zergling x2  
  18  1:35  Queen  
  20  1:41  Zergling x2  
  21  1:49  Drone  
  22  1:59  Overlord  
  22  2:17  Queen  
  22  2:21  Drone x2  
  25  2:33  Queen, Drone x2  
  29  2:48  Drone x4  
  33  2:53  Drone  
  34  3:04  Overlord  
  32  3:13  Drone x3  
  35  3:21  Extractor  
  35  3:22  Extractor  
  35  3:23  Overlord  
  35  3:26  Overlord  
  32  3:29  Overlord  
  32  3:39  Drone x7  
  39  3:49  Drone  
  40  3:56  Drone  
  40  4:02  Evolution Chamber  
  40  4:03  Roach Warren, Drone x5  
  40  4:07  Drone x2  
  40  4:08  Drone  
  47  4:15  Extractor  
  47  4:16  Drone  
  47  4:20  Drone  
  48  4:26  Drone  
  48  4:28  Lair  
  48  4:29  Drone x2  
  48  4:30  Drone  
  48  4:31  Drone x3  
  55  4:44  Overlord  
  55  4:45  Extractor  
  55  4:47  Overlord  
  55  4:48  Zerg Missile Weapons Level 1  
  55  4:52  Overlord  
  52  5:07  Roach x4  
  52  5:08  Roach x4  
  68  5:21  Roach x2  
  68  5:26  Glial Reconstitution  
  72  5:32  Roach x5  
  72  5:33  Overlord  
  82  5:53  Drone x2  
  82  5:54  Nydus Network  
  83  5:58  Hatchery  
  83  6:03  Overlord  
  82  6:05  Roach  
  82  6:06  Roach x6  
  96  6:14  Roach x2  
  100  6:23  Roach  
  100  6:24  Roach x3  
  108  6:26  Overlord  
  108  6:34  Nydus Canal  
  108  6:43  Roach  
  108  6:45  Nydus Canal  
  106  6:51  Roach x5  
  108  6:58  Roach x6  
  114  7:11  Drone x4  
  118  7:18  Zerg Missile Weapons Level 2  
  118  7:22  Nydus Canal  
  118  7:31  Spire  
  118  7:33  Queen x2  
  118  7:35  Overlord  
  121  7:42  Drone x7  
  90  7:55  Roach x6  
  92  8:04  Nydus Canal  
  90  8:06  Roach x5  
  90  8:09  Spore Crawler  
  90  8:10  Spore Crawler  
  96  8:13  Roach  
  98  8:22  Overseer  
  98  8:25  Roach x5  
  108  8:27  Overlord  
  108  8:32  Ravager  
  108  8:33  Ravager  
  104  8:41  Roach  
  104  8:42  Roach x2  
  104  8:47  Extractor  
  104  8:48  Extractor  
  104  8:49  Overlord  
  104  9:00  Overlord x6  
  104  9:13  Overlord  
  104  9:41  Mutalisk  
  104  9:42  Mutalisk x4  
  104  9:43  Mutalisk x3  
  104  9:44  Mutalisk  
  122  9:53  Spore Crawler  
  122  9:55  Roach  
  122  9:56  Roach x6  
  136  10:00  Roach x2  
  132  10:08  Roach x6  
  116  10:24  Roach Warren  
  105  10:35  Mutalisk x3  
  81  10:39  Nydus Canal  
  95  10:50  Roach x5  
  93  11:17  Mutalisk x3  
  99  11:20  Hatchery  
  98  11:26  Roach  
  98  11:27  Roach x3  
  106  11:34  Nydus Canal  
  104  11:49  Mutalisk x2  
  108  12:01  Drone x6  
  108  12:02  Drone x4  
  108  12:04  Drone  
  119  12:09  Zerg Flyer Weapons Level 1  
  119  12:15  Mutalisk  
  119  12:16  Mutalisk  
  123  12:33  Hatchery  
  122  12:39  Drone x5  
  127  12:51  Nydus Canal  
  127  13:01  Mutalisk x5  
  135  13:17  Roach x6  
  125  13:39  Mutalisk x2  
  120  13:42  Spore Crawler  
  93  13:57  Mutalisk x3  
  93  14:02  Spore Crawler  
  87  14:11  Mutalisk  
  83  14:31  Drone  
  63  14:32  Nydus Canal  
Tags
 
Add a new tag
Caveats
  • Supply blocks, unpowered buildings, or Contaminate may cause inaccurate times.
  • Supply counts are checked every 10 seconds.